 Dungeon Crawl Stone Soup version 0.22.1-1-ga44c0e5 (webtiles) character file.

320 MatkaSiedziZTylu the Cudgeler (level 6, 0/39 HPs)
             Began as a Gargoyle Berserker on Oct 21, 2018.
             Was a Believer of Trog.
             Slain by an ogre
             ... wielding a +0 giant club
              (10 damage)
             ... on level 3 of the Dungeon.
             The game lasted 00:13:46 (4728 turns).

MatkaSiedziZTylu the Cudgeler (Gargoyle Berserker)  Turns: 4728, Time: 00:13:47

Health: 0/39       AC: 10    Str: 22    XL:     6   Next: 46%
Magic:  6/6        EV: 11    Int:  8    God:    Trog [**....]
Gold:   215        SH:  0    Dex:  9    Spells: 5/5 levels left

rFire    . . .     SeeInvis .   a - +0 mace
rCold    . . .     Gourm    .   (no shield)
rNeg     + . .     Faith    .   g - +0 ring mail (curse)
rPois    ∞         Spirit   .   (no helmet)
rElec    +         Reflect  .   (no cloak)
rCorr    .         Harm     .   (no gloves)
MR       .....                  (no boots)
Stlth    +.........             (no amulet)
HPRegen  0.13/turn              (no ring)
MPRegen  0.10/turn              (no ring)

@: no status effects
A: negative energy resistance 1, electricity resistance, unbreathing,
petrification resistance, rot immunity, AC +4
a: Berserk, Trog's Hand, Renounce Religion


You were on level 3 of the Dungeon.
You worshipped Trog.
Trog was pleased with you.
You were not hungry.

You visited 1 branch of the dungeon, and saw 4 of its levels.

You collected 215 gold pieces.

Inventory:

Hand Weapons
 a - a +0 mace (weapon)
Armour
 e - a cursed +0 scale mail
 g - a cursed +0 ring mail (worn)
Jewellery
 d - an uncursed ring of resist corrosion {unknown}
Wands
 j - a wand of digging (14)
 m - a wand of flame (12)
Scrolls
 f - a scroll of remove curse {unknown}
 l - a scroll of magic mapping
Potions
 b - 2 potions of magic {unknown}
 h - 2 potions of lignification {unknown}
 i - a potion of flight
 k - 2 potions of berserk rage {unknown}
Comestibles
 c - 4 rations


   Skills:
 + Level 4.7 Fighting
 + Level 5.1 Maces & Flails
 + Level 3.3 Armour
 + Level 2.5 Dodging
 + Level 1.0 Stealth


You had 5 spell levels left.
You didn't know any spells.
Your spell library was empty.

Dungeon Overview and Level Annotations

Branches:
Dungeon (4/15)
 Temple: D:4-7

Altars:
Hepliaklqana

Annotations:
D:4 Eustachio


Innate Abilities, Weirdness & Mutations

You are resistant to torment.
Your stone body is resilient. (AC +4)
You are immune to poison.
You resist negative energy. (rN+)
You are resistant to electric shocks. (rElec)
You can survive without breathing.
You are immune to petrification.
You are immune to rotting.


Message History

Items here: )) [[ a mace; a leather armour; a robe; a dagger
Okay, then.
There is a stone staircase leading down here.
You start resting.
HP restored.
You climb downwards.
Level annotation: Eustachio The ogre hits you with a giant club!
There is a stone staircase leading up here.
The ogre hits you with a giant club!
* * * LOW HITPOINT WARNING * * *
You climb upwards.
There is a stone staircase leading down here.
Evoke which item? (* to show all) (? for menu, Esc to quit)
Aiming: Throw Flame
Press: ? - help, Shift-Dir - straight line, f - ogre
Aim: an ogre, wielding a giant club The puff of flame misses the ogre.
The ogre hits you with a giant club!
You die...

####### #.#. #.....# ###### #.#.
####.....# #....# #.#.
##........# #....# #######.#.
##......#######....#####.........
##..........##.....#...........##
##...........+...........#####.#.
##......###.##..O###.###########.
................@................
.##.#.....#.#.######.##########..
.##.###.#.#.#.#....#.# #.# ###.#
#.....#.#....#.# #.#
###+###......<#...)#.# #.#
......#.......#....#.# #.#
......#.......'....#.# #.#
......#.#....##....#.##########.#
.............#####'#............#


You could see an ogre.

Vanquished Creatures
  2 orc priests
  2 orc wizards (D:3)
  Jessica (D:2)
  A worker ant (D:3)
  6 adders
  2 oozes
  5 worms
  2 dart slugs
  4 leopard geckos
  7 orcs
  5 giant cockroaches
  6 goblins
  2 hobgoblins
  4 jackals (D:3)
  6 kobolds
  A quokka (D:2)
  A ball python (D:2)
  4 bats
  5 frilled lizards
  A quokka skeleton (D:4)
  7 rats
74 creatures vanquished.

Notes
Turn   | Place    | Note
-------+----------+-------------------------------------------
     0 | D:1      | MatkaSiedziZTylu the Gargoyle Berserker began the quest for
                  | the Orb.
     0 | D:1      | Reached XP level 1. HP: 14/14 MP: 1/1
   155 | D:1      | Reached XP level 2. HP: 19/19 MP: 2/2
   801 | D:2      | Found a faded altar of an unknown god.
   810 | D:2      | Reached XP level 3. HP: 23/24 MP: 3/3
  1098 | D:2      | Reached ** piety under Trog
  1309 | D:2      | Reached XP level 4. HP: 16/29 MP: 4/4
  1750 | D:2      | Noticed Jessica
  1751 | D:2      | Found a hazy altar of Hepliaklqana.
  1757 | D:2      | Killed Jessica
  1757 | D:2      | Reached skill level 4 in Maces & Flails
  2181 | D:3      | Reached XP level 5. HP: 18/33 MP: 5/5
  3500 | D:3      | Reached skill level 1 in Stealth
  3641 | D:3      | Reached XP level 6. HP: 39/39 MP: 6/6
  3902 | D:3      | Reached skill level 5 in Maces & Flails
  4614 | D:4      | Noticed Eustachio
  4728 | D:3      | Slain by an ogre

Skill      XL: |  1  2  3  4  5  6 |
---------------+-------------------+-----
Fighting       | 4 |  4.7
Dodging        | 2 |  2.5
Maces & Flails | 4 5 |  5.1
Stealth        | 1 |  1.0
Armour         | 3 |  3.3

Action                   |  1- 3 |  4- 6 || total
-------------------------+-------+-------++-------
Melee: Mace              |   115 |   191 ||   306
Invok: Berserk           |       |     1 ||     1
       Trog's Hand       |       |     1 ||     1
Evoke: Wand              |       |     2 ||     2
  Use: Scroll            |     2 |     6 ||     8
       Potion            |       |     1 ||     1
  Eat: Chunk             |     2 |     3 ||     5
       Ration            |       |     3 ||     3
Armor: Animal skin       |    40 |     3 ||    43
       Ring mail         |       |   130 ||   130
Dodge: Dodged            |    82 |   181 ||   263
